 Dungeon Crawl Stone Soup version 0.31-a0-202-g547052bce9 (webtiles) character file.

Game seed: 5154936738296631989

361 qw the Skirmisher (level 6, -1/35 HPs)
             Began as a Deep Elf Hunter on June 26, 2023.
             Slain by a black bear (3 damage)
             ... on level 5 of the Dungeon.
             The game lasted 00:01:19 (2724 turns).

qw the Skirmisher (Deep Elf Hunter)                 Turns: 2724, Time: 00:01:20

Health: -1/35      AC:  5    Str: 10    XL:     6   Next: 38%
Magic:  8/8        EV: 11    Int: 14    God:
Gold:   213        SH:  0    Dex: 18    Spells: 5/5 levels left

rFire   . . .        Y - +0 shortbow
rCold   . . .        (shield currently unavailable)
rNeg    . . .        h - +0 ring mail
rPois   .            (no helmet)
rElec   .            (no cloak)
rCorr   .            (no gloves)
SInv    .            (no boots)
Will    .....        (no amulet)
Stlth   +            (no ring)
HPRegen 0.25/turn    (no ring)
MPRegen 0.11/turn

%: no passive effects
@: about to teleport
A: no striking features
a: no special abilities


You were on level 5 of the Dungeon.
You visited 1 branch of the dungeon, and saw 5 of its levels.
You also visited: Ossuary.

You collected 213 gold pieces.


   Skills:
 - Level 2.0 Fighting
 - Level 10.0 Ranged Weapons
 + Level 2.4 Dodging
 - Level 1.2 Stealth


You had 5 spell levels left.
You didn't know any spells.
Your spell library was empty.

Inventory:

Hand Weapons
 Y - a +0 shortbow (weapon)
Armour
 h - a +0 ring mail (worn)
 j - a +1 robe of fire resistance
Jewellery
 f - a ring of fire
Wands
 a - a wand of digging (3)
Scrolls
 b - a scroll of identify
Potions
 c - a potion of attraction {unknown}
 e - a potion of cancellation
 g - a potion of ambrosia {unknown}
 i - a potion of heal wounds {unknown}

Dungeon Overview and Level Annotations

Branches:
Dungeon (5/15)            Ossuary (visited)
 Temple: D:4-7

Altars:


Message History

The iguana barely misses you.
You shoot an arrow. The arrow hits the iguana.
The iguana is severely wounded.
The adder closely misses you. The iguana bites you. The black bear bites you.
The black bear claws you. x2; The adder closely misses you.
You shoot an arrow. The arrow hits the iguana.
You kill the iguana!
The black bear bites you.
The black bear claws you but does no damage. x2
The adder bites you but does no damage.
Your Ranged Weapons skill increases to level 10!
You shoot an arrow. The arrow hits the black bear.
The black bear is lightly wounded.
The adder bites you but does no damage. The black bear completely misses you.
The black bear claws you but does no damage.
The black bear claws you.
You shoot an arrow. The arrow hits the black bear.
The black bear is lightly wounded.
The adder closely misses you.
The black bear bites you but does no damage.
The black bear closely misses you.
The black bear claws you but does no damage.
The adder bites you.
You shoot an arrow.
The arrow closely misses the black bear.
The black bear bites you. The black bear barely misses you.
The black bear claws you. The adder misses you.
You shoot an arrow.
The arrow hits the black bear but does no damage.
The black bear is lightly wounded.
The adder closely misses you. The black bear barely misses you.
The black bear claws you. x2; The adder barely misses you.
You shoot an arrow. The arrow barely misses the black bear.
The black bear bites you but does no damage.
The black bear claws you. x2; The adder closely misses you.
2724 ||| READING scroll of teleportation.
As you read the scroll of teleportation, it crumbles to dust.
You feel strangely unstable. The black bear bites you.
The black bear claws you. x2
You die...

#....... #....<.
##..... #..?..#
#..>..# #.....#
+.S...# #.@...#
#####%h...##+###
................#
................#
..........<.....#
..........%.....#
..................
#+#########+####..
.


You could see a black bear and an adder.

Vanquished Creatures
  An ice beast (D:3)
  A howler monkey (D:5)
  A hound (D:5)
  An iguana (D:5)
  5 adders
  A dart slug (D:3)
  13 orcs
  8 ball pythons
  12 bats
  10 endoplasms
  3 giant cockroaches (D:1)
  12 goblins
  4 hobgoblins
  8 jackals
  5 kobolds
  3 quokkas
  3 frilled lizards
  4 hobgoblin zombies (Ossuary)
  11 kobold zombies (Ossuary)
  5 orc zombies (Ossuary)
  3 rats
114 creatures vanquished.

Notes
Turn   | Place    | Note
-------+----------+-------------------------------------------
     0 | D:1      | qw the Deep Elf Hunter began the quest for the Orb.
     0 | D:1      | Reached XP level 1. HP: 12/12 MP: 3/3
     0 | D:1      | 0 ||| qw: Version: 0.3-a-22-g0ed2b0b
     0 | D:1      | 0 ||| qw: Game counter: 6106
     0 | D:1      | 0 ||| qw: Melee chars always use a shield: true
     0 | D:1      | 0 ||| qw: God list: Okawaru
     0 | D:1      | 0 ||| qw: Allow faded altars: false
     0 | D:1      | 0 ||| qw: Do Orc after clearing Dungeon:15 true
     0 | D:1      | 0 ||| qw: Do second Lair branch before Depths: true
     0 | D:1      | 0 ||| qw: Lair rune preference: random
     0 | D:1      | 0 ||| qw: Goals: Normal
     0 | D:1      | 0 ||| PLANNING D:1-11
    68 | D:1      | Reached XP level 2. HP: 16/16 MP: 4/4
   206 | D:1      | Reached skill level 6 in Ranged Weapons
   430 | D:1      | Reached XP level 3. HP: 20/20 MP: 5/5
   643 | D:1      | 643 ||| READING scroll labelled QOPLUO YFERCH.
   644 | D:1      | 644 ||| READING scroll labelled LELIONO GAFEI.
   645 | D:1      | 645 ||| READING scroll labelled ZUWYM OTSASUECS.
   646 | D:1      | 646 ||| READING scroll labelled ULUASHRAIZA.
   649 | D:1      | 649 ||| DROPPING scroll of butterflies.
   687 | D:2      | Reached skill level 7 in Ranged Weapons
  1145 | D:2      | Reached XP level 4. HP: 24/25 MP: 6/6
  1225 | D:2      | 1225 ||| UPGRADING to +0 scale mail.
  1235 | D:2      | 1235 ||| DROPPING +0 leather armour.
  1236 | D:2      | 1236 ||| DRINKING 2 ruby potions.
  1296 | D:3      | 1296 ||| Stepping ~*~*~tactically~*~*~ (outnumbered).
  1533 | D:3      | Reached skill level 8 in Ranged Weapons
  1872 | D:3      | Noticed an ice beast
  1880 | D:3      | Killed an ice beast
  1881 | D:3      | Reached skill level 9 in Ranged Weapons
  1881 | D:3      | Reached XP level 5. HP: 12/29 MP: 7/7
  2022 | D:3      | Found a faded altar of an unknown god.
  2136 | D:3      | 2136 ||| UPGRADING to +0 ring mail.
  2146 | D:3      | 2146 ||| DROPPING +0 scale mail.
  2171 | D:4      | 2171 ||| PLANNING OSSUARY
  2314 | D:4      | Found a sand-covered staircase.
  2364 | D:4      | 2364 ||| READING 2 scrolls of identify.
  2364 | D:4      | 2364 ||| IDENTIFYING smoky puce potion
  2365 | D:4      | 2365 ||| DROPPING potion of lignification.
  2378 | Ossuary  | Entered an ossuary
  2518 | D:4      | 2518 ||| PLANNING D:1-11
  2590 | D:4      | Reached XP level 6. HP: 35/35 MP: 8/8
  2679 | D:5      | Entered Level 5 of the Dungeon
  2719 | D:5      | Reached skill level 10 in Ranged Weapons
  2723 | D:5      | HP: 8/35 [black bear (3)]
  2724 | D:5      | 2724 ||| READING scroll of teleportation.
  2724 | D:5      | HP: 2/35 [black bear (4)]
  2724 | D:5      | Slain by a black bear

Levels and vault maps discovered:
D:1:      erik_arrival_cave_to_civilisation [erik_arrival_cave_to_hall],
          layout_basic, corexii_hall_statues_l
D:2:      layout_basic
D:3:      layout_loops_ring, shapermc_ecumenical_altar_petra
D:4:      layout_rooms, nicolae_ossuary_entry_false_entrances
D:5:      layout_gridville, st_stairs_8

Skill      XL: |  1  2  3  4  5  6 |
---------------+-------------------+-----
Ranged Weapons | 6 7 9 10 | 10.0
Fighting       | 2 |  2.0
Dodging        | |  2.4
Stealth        | |  1.2

Action                     |  1- 3 |  4- 6 || total
---------------------------+-------+-------++-------
   Fire: Shortbow          |   132 |   197 ||   329
    Use: Scroll            |     4 |     2 ||     6
         Potion            |       |     1 ||     1
 Armour: Leather armour    |    10 |       ||    10
         Scale mail        |       |    18 ||    18
         Ring mail         |       |    16 ||    16
  Dodge: Dodged            |    30 |    41 ||    71

Table legend:
 A = Non-vault XP
 B = Vault XP
 C = Vault XP percentage of total XP
 D = Non-vault monster count
 E = Vault monster count
 F = Vault count percentage of total count
                 A         B        C        D         E       F
            +---------+---------+-------+---------+---------+-------
      Total |     493 |      24 |   4.6 |      92 |      22 |  19.3
            +---------+---------+-------+---------+---------+-------
        D:1 |      52 |       4 |   7.1 |      30 |       2 |   6.2
        D:2 |      42 |       0 |   0.0 |      17 |       0 |   0.0
        D:3 |     225 |       0 |   0.0 |      30 |       0 |   0.0
        D:4 |      40 |       0 |   0.0 |      12 |       0 |   0.0
        D:5 |     134 |       0 |   0.0 |       3 |       0 |   0.0
    Ossuary |       0 |      20 | 100.0 |       0 |      20 | 100.0
            +---------+---------+-------+---------+---------+-------
